 Dungeon Crawl Stone Soup version 0.23-a0-484-g29ba69c (console) character file.

194 Karagy the Shield-Bearer (level 5, -8/49 HPs)
             Began as a Deep Dwarf Fighter on Nov 29, 2018.
             Mangled by a +4 glaive of speed (13 damage)
             ... created by the rancor of the Wu Jian Council
             ... on level 3 of the Dungeon on Nov 30, 2018.
             The game lasted 00:12:12 (2108 turns).

Karagy the Shield-Bearer (Deep Dwarf Fighter)       Turns: 2108, Time: 00:12:13

Health: -8/49      AC:  8    Str: 20    XL:     5   Next: 44%
Magic:  5/5        EV:  8    Int:  9    God:
Gold:   92         SH:  9    Dex: 12    Spells: 4/4 levels left

rFire    . . .     SeeInvis .   a - +1 war axe
rCold    . . .     Gourm    .   c - +0 shield
rNeg     . . .     Faith    .   b - +0 scale mail
rPois    .         Spirit   .   (no helmet)
rElec    .         Reflect  .   p - +0 cloak
rCorr    .         Harm     .   (no gloves)
MR       .....                  (no boots)
Stlth    +.........             h - amulet of magic regeneration
HPRegen  0.00/turn              (no ring)
MPRegen  0.34/turn              (no ring)

@: non-regenerating, very slow
A: damage resistance, heal wounds, sense surroundings 1, no regeneration
a: Heal Wounds


You were on level 3 of the Dungeon.
You were not hungry.

You visited 1 branch of the dungeon, and saw 3 of its levels.

You collected 92 gold pieces.

Inventory:

Hand Weapons
 a - a +1 war axe (weapon)
 m - a +2 quarterstaff of chaos
Missiles
 e - 79 stones (quivered)
Armour
 b - a +0 scale mail (worn)
 c - a +0 shield (worn)
 p - a +0 cloak (worn)
Jewellery
 h - an amulet of magic regeneration (around neck)
Scrolls
 i - 3 scrolls of immolation
 j - 4 scrolls of remove curse
 r - a scroll of noise
 t - a scroll of identify
Potions
 d - a potion of might
 g - a potion of degeneration
 k - a potion of flight
 l - a potion of brilliance
 n - 2 potions of curing
Comestibles
 f - 5 rations
 q - 8 chunks of flesh


   Skills:
 + Level 3.3 Fighting
 + Level 3.2 Axes
 + Level 4.0 Armour
 + Level 2.1 Dodging
 + Level 2.5 Stealth
 + Level 4.1 Shields


You had 4 spell levels left.
You didn't know any spells.
Your spell library was empty.

Dungeon Overview and Level Annotations

Branches:
Dungeon (3/15)

Altars:
Wu Jian


Innate Abilities, Weirdness & Mutations

You are resistant to damage.
You can heal yourself by infusing magical energy.
You passively map a small area around you.
You do not regenerate.


Message History

The +3 dire flail of speed hits you.
You block the +2 glaive of chopping's attack.
The +2 quarterstaff of speed hits you but does no damage.
The +3 dire flail of speed completely misses you.
You hit the +2 quarterstaff of speed.
The +2 quarterstaff of speed is moderately damaged.
You slash the +2 glaive of chopping!
You barely miss the +3 dire flail of speed.
You block the +2 glaive of speed's attack.
The +4 glaive of speed hits you from afar.
* * * LOW HITPOINT WARNING * * *
The +2 quarterstaff of speed hits you but does no damage.
The +2 glaive of chopping hits you.
* * * LOW HITPOINT WARNING * * *
The +3 dire flail of speed hits you!
* * * LOW HITPOINT WARNING * * *
Unknown command.
The +3 dire flail of speed hits you but does no damage.
The +4 glaive of speed hits you!
You die...

∙∙∙∙∙∙∙▒▒▒▒▒∙∙∙∙∙∙▒▒∙∙∙∙)∙∙∙∙∙∙▒
∙▒▒∙▒▒▒▒ ▒▒∙<∙∙∙∙∙∙∙∙∙∙∙∙∙∙∙▒▒
▒▒▒∙∙▒▒▒▒▒▒▒∙∙▒▒∙▒▒∙∙∙∙∙∙∙∙∙∙∙∙▒
∙∙∙∙∙∙∙∙∙∙∙∙∙∙▒▒∙∙▒▒∙[∙∙∙∙∙∙∙∙∙▒
∙∙)∙∙∙∙∙∙∙∙∙∙▒∙∙∙∙∙∙∙▒∙∙∙∙∙∙∙∙∙∙▒
∙∙∙∙∙∙∙∙∙∙▒∙▒∙∙▒▒▒▒∙∙▒∙∙∙∙∙∙∙∙∙∙▒
∙∙∙∙∙∙∙∙≈∙∙∙∙∙∙∙≈≈≈∙∙▒∙∙∙∙∙∙∙∙∙∙>
)∙∙∙∙∙∙≈∙≈≈∙∙≈∙≈∙(∙∙∙▒▒∙∙∙∙∙∙∙▒▒∙
∙∙∙∙∙∙∙≈∙≈≈≈≈≈≈(g≈∙∙∙▒▒▒∙∙∙∙∙▒▒
▒∙∙∙∙∙∙∙≈≈≈≈≈≈(((≈∙∙∙▒▒▒▒▒∙∙∙∙∙
▒∙▒▒▒▒▒∙∙≈≈≈≈≈≈)≈≈∙∙∙∙▒ ∙∙∙∙∙▒
∙∙▒ ▒∙≈≈≈≈%≈(≈≈≈∙∙▒∙∙▒ ∙∙∙∙∙▒
∙▒▒▒ ▒≈≈≈≈≈≈▄♣≈≈≈≈%▒▒∙▒ ∙ ∙∙▒
▒≈≈≈≈≈∙∙≈≈≈≈≈∙▒ ∙∙∙ · · ∙
∙∙▒▒∙∙≈≈≈≈≈≈≈≈≈≈≈▒░ ▒▒░ ·
░∙∙▒∙∙≈≈≈≈≈≈≈≈≈∙∙▒ ·
▒∙▒≈≈≈≈≈g≈≈≈≈≈∙∙▒


You could see 5 dancing weapons.

Vanquished Creatures
  An orc priest (D:3)
  Crazy Yiuf (D:2)
  Terence (D:2)
  3 adders
  3 worms
  2 dart slugs (D:1)
  2 leopard geckos
  5 orcs (D:3)
  A ball python (D:2)
  6 bats
  6 giant cockroaches
  5 goblins
  4 hobgoblins
  2 jackals (D:2)
  5 kobolds
  2 quokkas
  5 frilled lizards
  10 rats
64 creatures vanquished.

Notes
Turn   | Place    | Note
-------+----------+-------------------------------------------
     0 | D:1      | Karagy the Deep Dwarf Fighter began the quest for the Orb.
     0 | D:1      | Reached XP level 1. HP: 20/20 MP: 1/1
   260 | D:1      | Reached XP level 2. HP: 27/27 MP: 2/2
   373 | D:1      | Reached skill level 1 in Stealth
   702 | D:1      | Upgraded the game from 0.23-a0-480-g1869896 to
                  | 0.23-a0-484-g29ba69c
   914 | D:2      | Reached XP level 3. HP: 31/33 MP: 3/3
   925 | D:2      | Noticed Terence
   940 | D:2      | Killed Terence
   940 | D:2      | Reached skill level 1 in Dodging
  1185 | D:2      | Reached XP level 4. HP: 31/42 MP: 4/4
  1654 | D:2      | Found a runed door.
  1660 | D:2      | Noticed Crazy Yiuf
  1669 | D:2      | Killed Crazy Yiuf
  1838 | D:3      | Found a faded altar of an unknown god.
  1866 | D:3      | Became a worshipper of the Wu Jian Council
  1866 | D:3      | Reached * piety under Wu Jian
  1916 | D:3      | Reached XP level 5. HP: 14/49 MP: 5/5
  2026 | D:3      | Fell from the grace of Wu Jian
  2101 | D:3      | Noticed a +4 glaive of speed
  2101 | D:3      | Noticed a +2 quarterstaff of speed
  2101 | D:3      | Noticed a +2 glaive of chopping
  2101 | D:3      | Noticed a +3 dire flail of speed
  2101 | D:3      | Noticed a +2 glaive of speed
  2108 | D:3      | Mangled by a +4 glaive of speed

Vault maps used:
D:1:      dpeg_arrival_concentric_ovals, corexii_corridor_pit, minmay_3d_cube
D:2:      first_ration, uniq_crazy_yiuf_cottage, uniq_terence
D:3:      chequers_ecumenical_altar_island

Skill      XL: |  1  2  3  4  5 |
---------------+----------------+-----
Stealth        | 1 2 |  2.5
Fighting       | 3 |  3.3
Dodging        | 1 2 |  2.1
Axes           | 3 |  3.2
Shields        | 4 |  4.1
Armour         | 4 |  4.0

Action                   |  1- 3 |  4- 6 || total
-------------------------+-------+-------++-------
Melee: War axe           |    97 |   120 ||   217
Throw: Stone             |    21 |       ||    21
Invok: Renounce Religion |       |     1 ||     1
  Use: Scroll            |     5 |     5 ||    10
       Potion            |       |     2 ||     2
  Eat: Chunk             |     1 |     1 ||     2
       Ration            |       |     1 ||     1
Armor: Scale mail        |    33 |    40 ||    73
Dodge: Dodged            |    29 |    49 ||    78
Block: Shield            |    36 |    62 ||    98

Table legend:
 A = Non-vault XP
 B = Vault XP
 C = Vault XP percentage of total XP
 D = Non-vault monster count
 E = Vault monster count
 F = Vault count percentage of total count
                 A         B        C        D         E       F
            +---------+---------+-------+---------+---------+-------
      Total |     197 |      81 |  29.1 |      60 |       4 |   6.2
            +---------+---------+-------+---------+---------+-------
        D:1 |      25 |       3 |  10.7 |      12 |       2 |  14.3
        D:2 |      73 |      78 |  51.7 |      27 |       2 |   6.9
        D:3 |      99 |       0 |   0.0 |      21 |       0 |   0.0
            +---------+---------+-------+---------+---------+-------
